 Dungeon Crawl Stone Soup version 0.19-a0-722-g27ac516 (webtiles) character file.

196 TheGoonsmith the Chiller (level 5, -29/35 HPs)
             Began as a Merfolk Ice Elementalist on June 21, 2016.
             Annihilated by a hill giant
             ... wielding a +0 giant club
              (35 damage)
             ... on level 3 of the Dungeon.
             The game lasted 00:04:13 (3247 turns).

TheGoonsmith the Chiller (Merfolk Ice Elementalist) Turns: 3247, Time: 00:04:14

Health: -29/35     AC:  8    Str:  8    XL:     5   Next: 74%
Magic:  8/10       EV: 12    Int: 15    God:
Gold:   208        SH:  0    Dex: 15    Spells: 3 memorised, 5 levels left

rFire  . . .     SeeInvis .     m - staff of energy
rCold  . . .     Gourm    .     h - +2 leather armour {rN+}
rNeg   + . .     Faith    .     (no shield)
rPois  .         Spirit   .     g - +0 helmet
rElec  .         Dismiss  .     q - +0 cloak
rCorr  .         Reflect  .     v - +0 pair of gloves
SustAt .         Harm     .     (no boots)
MR     .....                    (no amulet)
Stlth  ++........               (no ring)
                                (no ring)

@: very slightly contaminated, invisible, not resistant to hostile enchantments,
unstealthy
A: change form in water, swift swim
a: no special abilities


You were on level 3 of the Dungeon.
You were hungry.

You visited 1 branch of the dungeon, and saw 3 of its levels.

You collected 208 gold pieces.

Inventory:

Armour
 a - a +0 robe
 g - a +0 helmet (worn)
 h - a +2 leather armour of positive energy (worn)
 q - a +0 cloak (worn)
 v - a +0 pair of gloves (worn)
Magical Staves
 m - an uncursed staff of energy (weapon)
Jewellery
 n - a +3 ring of protection {unknown}
Scrolls
 o - a scroll of blinking {unknown}
 s - a scroll of fog {unknown}
 t - a scroll of immolation {unknown}
 u - a scroll of enchant weapon {unknown}
 y - a scroll of enchant armour {unknown}
Potions
 f - a potion of agility {unknown}
 i - 2 potions of ambrosia
 k - a potion of flight {unknown}
 r - a potion of heal wounds {unknown}
 w - a potion of mutation {unknown}
 x - a potion of magic {unknown}
Books
 b - a book of Frost

   Spells                             Type                      Level
   a - Freeze                         Ice                          1
   b - Throw Frost                    Conjuration/Ice              2
   c - Ozocubu's Armour               Charms/Ice                   3
   d - Throw Icicle                   Conjuration/Ice              4
   e - Summon Ice Beast               Ice/Summoning                4
Comestibles
 c - 4 bread rations
 d - 2 royal jellies
 l - a meat ration
 p - a slice of pizza


   Skills:
 - Level 2.6 Dodging
 - Level 2.1 Stealth
 + Level 3.5 Spellcasting
 - Level 0.7 Conjurations
 * Level 5.8 Ice Magic


You had 5 spell levels left.
You knew the following spells:

 Your Spells              Type           Power        Failure   Level  Hunger
a - Freeze                Ice            ###.         2%          1    None
b - Throw Frost           Conj/Ice       ##....       12%         2    None
A - Ozocubu's Armour      Chrm/Ice       ##......     28%         3    None


Dungeon Overview and Level Annotations

Branches:
Dungeon (3/15)

Altars:
Makhleb


Message History

You start resting.
You barely miss the rat. The rat barely misses you.
You hit the rat.
You kill the rat!
You fade into invisibility!
The hill giant hits you with a giant club!!
Ouch! That really hurt!
* * * LOW HITPOINT WARNING * * *
You are very lightly contaminated with residual magic.
Okay, then.
Casting: Freeze
Confirm with . or Enter, or press ? or * to list all spells.
Aiming: Freeze
Press: ? - help, Shift-Dir - straight line, f - hill giant
Aim: a hill giant, wielding a giant club You freeze the hill giant.
The hill giant is lightly wounded.
The hill giant hits you with a giant club!!
Ouch! That really hurt!
You die...

..#......##'#
#'##...#.#
.......###..#b.
#.)###...#
####..##†#..#lC
#..#.##..#
#).'..#.†#..
#..#[.'..#
#..##†#†.#..
#..#.##.##
#...###(.#b.
#..###..#
#.....####..
####...##
##.......##'##....###
###........C@.####
#############


You could see a hill giant.

Vanquished Creatures
  Crazy Yiuf (D:2)
  An orc wizard (D:3)
  8 adders
  A worm (D:2)
  2 giant geckos (D:3)
  A ball python (D:3)
  3 giant cockroaches
  5 goblins
  12 hobgoblins
  A jackal (D:3)
  7 kobolds
  3 quokkas
  5 bats
  4 giant newts
  12 rats
66 creatures vanquished.

Notes
Turn   | Place    | Note
--------------------------------------------------------------
     0 | D:1      | TheGoonsmith the Merfolk Ice Elementalist began the quest for the Orb.
     0 | D:1      | Reached XP level 1. HP: 13/13 MP: 3/3
   598 | D:1      | Reached XP level 2. HP: 18/19 MP: 1/5
  1835 | D:2      | Found a burning altar of Makhleb.
  1850 | D:2      | Reached skill level 4 in Ice Magic
  1873 | D:2      | Reached XP level 3. HP: 24/24 MP: 3/6
  1946 | D:2      | Learned a level 3 spell: Ozocubu's Armour
  2108 | D:2      | Reached XP level 4. HP: 29/30 MP: 4/8
  2112 | D:2      | Learned a level 2 spell: Throw Frost
  2393 | D:2      | Reached skill level 5 in Ice Magic
  2621 | D:2      | Noticed Crazy Yiuf
  2629 | D:2      | Killed Crazy Yiuf
  2629 | D:2      | Reached XP level 5. HP: 34/35 MP: 0/9
  3237 | D:3      | Noticed a hill giant
  3247 | D:3      | Annihilated by a hill giant

Vault maps used:
D:1:      dpeg_arrival_three_same_balls
D:2:      bloody_makhleb, uniq_crazy_yiuf_cottage
D:3:      minmay_divided_ellipse

Skill      XL: |  1  2  3  4 |
---------------+-------------+-----
Ice Magic      | 4 5 |  5.8
Spellcasting   | 3 |  3.5
Dodging        | |  2.6
Stealth        | |  2.1
Conjurations   | |  0.7

Action                   |  1- 3 |  4- 6 || total
-------------------------+-------+-------++-------
Melee: Unarmed           |    28 |       ||    28
       Staff             |     2 |    13 ||    15
 Cast: Freeze            |    47 |    55 ||   102
       Throw Frost       |       |     6 ||     6
       Ozocubu's Armour  |       |     1 ||     1
  Use: Scroll            |       |     2 ||     2
       Potion            |       |     1 ||     1
  Eat: Chunk             |     4 |     3 ||     7
Armor: Robe              |     6 |       ||     6
       Leather armour    |     9 |    17 ||    26
Dodge: Dodged            |    43 |    50 ||    93
